 Dungeon Crawl Stone Soup version 0.17-a0-1056-g838d5c0 (webtiles) character file.

131411 Lugonue the Spry (level 17, -7/131 HPs)
             Began as a Merfolk Skald on May 16, 2015.
             Was the Champion of Okawaru.
             Killed by Shatter
             ... invoked by Jorgrun
              (83 damage)
             ... on level 2 of the Swamp.
             The game lasted 03:35:20 (29730 turns).

Lugonue the Spry (Merfolk Skald)                   Turns: 29730, Time: 03:35:20

Health: -7/131     AC: 17    Str: 13    XL:     17   Next: 10%
Magic:  28/41      EV:  2    Int: 14    God:    Okawaru [******]
Gold:   582        SH:  0    Dex: 18    Spells: 8 memorised, 16 levels left

rFire  + + .     SeeInvis +     c - +2 glaive (vamp)
rCold  . . .     Clarity  .     B - +0 swamp dragon armour
rNeg   + + +     SustAb   .     (no shield)
rPois  ∞         Gourm    .     R - +1 hat of Okawaru's Outrage {Regen+ Dex+3 SInv}
rElec  +         Spirit   .     K - +0 cloak of Awaq {rF+ Str+2 Stlth-}
rCorr  .         Warding  .     x - +2 pair of gloves of Hygiz {rElec rF+ Str-4}
rMut   .         Stasis   .     w - +0 pair of boots "Usuenk" {+Fly MP+9 Stlth+}
MR     +....                    (no amulet)
Stlth  +.........               m - ring of wizardry
                                l - +3 ring of evasion

@: petrified, infused, flying, very slightly contaminated, somewhat resistant to
hostile enchantments, very unstealthy
A: change form in water, swift swim
a: Heroism, Finesse, Renounce Religion


You were on level 2 of the Swamp.
You worshipped Okawaru.
Okawaru was exalted by your worship.
You were full.

You visited 7 branches of the dungeon, and saw 32 of its levels.
You also visited: Bailey and Ice Cave.

You collected 4183 gold pieces.
You spent 3601 gold pieces at shops.

Inventory:

Hand weapons
 b - a +0 blowgun
 c - a +2 vampiric glaive (weapon)
 N - a +0 trident of venom
Missiles
 f - 14 curare-tipped needles
 r - 107 poisoned needles
Armour
 q - a +1 ring mail of magic resistance
 u - a +2 pair of gloves of archery
 w - the +0 pair of boots "Usuenk" (worn) {+Fly MP+9 Stlth+}
   (Okawaru gifted it to you on level 4 of the Lair of Beasts)

   It affects your magic capacity (+9).
   It lets you fly.
   It makes you more stealthy.
 x - the +2 pair of gloves of Hygiz (worn) {rElec rF+ Str-4}
   (Okawaru gifted it to you on level 1 of the Swamp)

   It affects your strength (-4).
   It protects you from fire.
   It insulates you from electricity.
 B - a +0 swamp dragon armour (worn)
 K - the +0 cloak of Awaq (worn) {rF+ Str+2 Stlth-}
   (You found it on level 8 of the Dungeon)

   It affects your strength (+2).
   It protects you from fire.
   It makes you less stealthy.
 R - the +1 hat of Okawaru's Outrage (worn) {Regen+ Dex+3 SInv}
   (Okawaru gifted it to you on level 14 of the Dungeon)

   It affects your dexterity (+3).
   It lets you see invisible.
   It increases your rate of regeneration.
Magical staves
 M - an uncursed staff of energy
Jewellery
 i - an uncursed amulet of resist mutation
 l - a +3 ring of evasion (left hand)
 m - a ring of wizardry (right hand)
 s - an uncursed ring of positive energy
 T - the amulet of the Hippo {-Tele +Rage +Fly Str-3 SInv}
   (You found it in an ice cave)

   [amulet of rage]

   It affects your strength (-3).
   It lets you see invisible.
   It lets you fly.
   It lets you go berserk.
   It prevents most forms of teleportation.
 Z - an uncursed ring of protection from cold
Magical devices
 C - a wand of disintegration (16)
 I - a wand of digging (5)
 J - a wand of confusion (11)
 Q - a wand of teleportation (3)
 X - a wand of paralysis (10)
Scrolls
 g - 10 scrolls of remove curse
 k - 2 scrolls of identify
 t - a scroll of magic mapping
 y - 5 scrolls of teleportation
 E - a scroll of blinking
 H - 4 scrolls of fog
 L - a scroll of brand weapon
 O - a scroll of immolation
 U - a scroll of holy word
 Y - 4 scrolls of fear
Potions
 e - 4 potions of agility
 h - 6 potions of might
 j - a potion of flight
 n - 2 potions of brilliance
 o - 3 potions of haste
 v - 6 potions of heal wounds
 z - a potion of resistance
 F - 2 potions of cure mutation
 G - 4 potions of ambrosia
 W - 9 potions of curing
Books
 a - a book of Control

   Spells                             Type                      Level
   a - Control Teleport               Charms/Translocation         4
   b - Control Undead                 Necromancy                   4
   c - Metabolic Englaciation         Hexes/Ice                    5
   d - Mass Confusion                 Hexes                        6
 p - a book of the Warp

   Spells                             Type                      Level
   a - Recall                         Summoning/Translocation      3
   b - Gell's Gravitas                Hexes/Translocation          3
   c - Control Teleport               Charms/Translocation         4
   d - Force Lance                    Conjuration/Translocation    4
   e - Phase Shift                    Translocation                5
   f - Warp Weapon                    Charms/Translocation         5
   g - Summon Forest                  Summoning/Translocation      5
Comestibles
 d - 9 bread rations
 A - 3 beef jerkies
 S - 7 meat rations


   Skills:
 - Level 11.4 Fighting
 - Level 14.6 Polearms
 * Level 10.7 Armour
 - Level 15.4 Dodging
   Level 7.0 Shields
 + Level 11.5 Spellcasting
 - Level 2.9 Hexes
 - Level 11.8 Charms
 - Level 2.1 Necromancy
 - Level 6.7 Translocations


You had 16 spell levels left.
You knew the following spells:

 Your Spells              Type           Power        Failure   Level  Hunger
a - Regeneration          Chrm/Necr      ####......   1%          3    None
b - Shroud of Golubria    Chrm/Tloc      ####......   1%          2    None
c - Spectral Weapon       Hex/Chrm       ####....     1%          3    None
d - Song of Slaying       Chrm           #####...     1%          2    None
e - Infusion              Chrm           #####.       1%          1    None
f - Warp Weapon           Chrm/Tloc      ####......   4%          5    #####..
g - Control Teleport      Chrm/Tloc      ####......   1%          4    ###....
h - Gell's Gravitas       Hex/Tloc       ###.......   4%          3    None


Dungeon Overview and Level Annotations

Branches:
Dungeon (15/15)            Temple (1/1) D:4            Lair (8/8) D:9
  Swamp (2/4) Lair:3       Spider (0/4) Lair:6        Slime (0/6) Lair:8
    Orc (4/4) D:10            Elf (1/3) Orc:3        Vaults (0/5) D:14
 Depths (1/5) D:15

Altars:
Ashenzari
Cheibriados
Elyvilon
Gozag
Makhleb
Nemelex Xobeh
Okawaru
Ru
Sif Muna
Trog
Vehumet
Xom
Zin
The Shining One
Beogh
Jiyva

Shops:
D:6 }   D:7 [   D:8 (   D:9 ?   D:11 *(:!   D:14 %   Orc:4 *[=(

Portals:
Hell: Lair:8 Depths:1

Annotations:
Swamp:2 Jorgrun
Abyss:1 Saint Roka


Message History

The vampire mosquito draws strength from your injuries!
Jorgrun closely misses you.
The vampire mosquito closely misses you.
Jorgrun gestures at you while chanting.
Your limbs have turned to stone.
You have turned to stone.
Your skin stops crawling.
The vampire mosquito bites you but does no damage. x2
Jorgrun hits you but does no damage. The vampire mosquito bites you!
The vampire mosquito bites you but does no damage.
Jorgrun says, "'tis place shall be yer tomb!"
Jorgrun hits you with a quarterstaff of crushing.
The vampire mosquito bites you!
The vampire mosquito bites you but does no damage.
The vampire mosquito bites you but does no damage.
Jorgrun casts a spell.
The dungeon rumbles around Jorgrun!
You shudder from the earth-shattering force.
Ouch! That really hurt!
You die...

♣.≈≈≈≈≈≈...<...≈§≈♣
♣.≈≈≈≈≈≈...≈≈≈≈...♣ ..
♣♣..≈....♣≈≈≈≈≈≈≈.♣ ....≈
♣...≈...≈.≈≈≈≈≈≈.≈♣ ≈.≈§.
♣♣..........≈†≈..♣
..≈..♣♣♣.........≈.≈).§♣♣
≈?.....♣♣..........≈.≈♣♣
.≈.....♣♣...♣♣♣...≈...♣
.......≈g@..♣ ♣....≈..♣
.≈.....†y(.♣♣ ♣♣..§..♣♣
≈...........♣ ♣♣....♣
.≈≈≈≈≈..(...♣ ♣.≈..♣♣♣♣
§..≈≈.≈......♣ ♣♣≈...≈.≈♣
...≈≈.≈...≈.♣♣ ♣.≈≈≈≈≈.♣♣♣
≈.≈♣♣.≈≈≈.♣♣.≈≈....≈≈....≈
≈≈ ♣♣.≈..♣ ♣≈≈≈.♣.≈.....≈
♣♣...≈ .≈≈≈..≈♣♣..≈≈


You could see Jorgrun, a vampire mosquito and a friendly spectral vampiric
glaive.

Vanquished Creatures
  Rupert (Lair:4)
  A frost giant (IceCv)
  3 rakshasas (Depths:1)
  A dire elephant (Lair:8)
  An ettin (D:15)
  Snorg (D:11)
  Erolcha (D:10)
  7 hydras
  Fannar (Lair:2)
  An ice dragon (Depths:1)
  A vault guard (D:14)
  Harold (Lair:3)
  Erica (D:8)
  8 centaur warriors
  2 ogre magi (D:15)
  A tengu warrior (D:15)
  A death yak (IceCv)
  2 orc high priests (Orc:4)
  Urug (D:15)
  4 iron golems
  A deep elf knight (Elf:1)
  Sonja (Lair:4)
  A sun demon (Lair:8)
  A wizard (Lair:8)
  A swamp dragon (Swamp:1)
  A deep troll (Depths:1)
  2 unseen horrors
  5 hill giants
  An ice statue (IceCv)
  8 orc knights
  A griffon (D:14)
  A manticore (D:13)
  30 ugly things
  A salamander (shapeshifter) (D:15)
  6 orc sorcerers
  3 cyclopes
  A sixfirhy (Lair:8)
  18 elephants
  A rust devil (Orc:4)
  3 hornets
  Joseph (D:8)
  A smoke demon (Lair:8)
  4 gargoyles
  A kobold demonologist (D:12)
  A torpor snail (Lair:6)
  10 black mambas
  12 spiny frogs
  6 centaur skeletons
  5 komodo dragons
  4 orange demons (Lair:8)
  A yaktaur (D:15)
  A redback zombie (D:13)
  A freezing wraith (D:15)
  3 fire drakes
  4 trolls
  A spriggan druid (Lair:5)
  4 two-headed ogres
  The ghost of Lugonue the Slasher, an average DrWr of Okawaru (D:5)
  11 slime creatures
  3 blue devils (Lair:8)
  17 polar bears
  A harpy skeleton (D:14)
  2 red devils (Lair:8)
  A boulder beetle (Lair:8)
  A bog body (Swamp:1)
  24 blink frogs
  2 water elementals (D:13)
  3 deep elf fighters
  A wyvern (D:12)
  8 deep elf magi
  6 hungry ghosts
  2 wraiths
  60 yaks
  Eustachio (D:6)
  4 shadows
  Grum (D:8)
  A basilisk (Lair:5)
  12 vampire mosquitoes
  2 wargs
  10 swamp worms
  23 wolves
  Edmund (D:4)
  7 hippogriffs
  2 ice beasts
  A soldier ant (D:13)
  A hell hound (Lair:8)
  42 orc warriors
  3 swamp drakes
  6 porcupines
  A mottled dragon (D:12)
  3 phantoms
  An eye of draining (D:15)
  12 ogres
  2 black bears
  15 water moccasins
  A tengu (shapeshifter) (D:13)
  20 centaurs
  2 big kobolds
  22 crocodiles
  12 giant frogs
  3 necrophages
  A wyvern zombie (D:8)
  A wyvern skeleton (D:10)
  10 killer bees
  6 scorpions
  5 jellies
  5 electric eels
  5 crimson imps
  3 hounds
  2 quasits
  A wasp zombie (D:10)
  2 centaur zombies
  3 giant frog skeletons
  33 orc priests
  9 iguanas
  45 orc wizards
  17 worker ants
  2 killer bee zombies
  22 sheep
  A hound skeleton (D:3)
  4 worker ant zombies
  21 adders
  3 gnolls (D:6)
  44 river rats
  7 shadow imps
  3 oozes
  An adder zombie (D:8)
  2 adder skeletons
  14 worms
  4 giant geckos
  169 orcs
  12 bats
  11 giant cockroaches
  19 goblins
  19 hobgoblins
  8 jackals
  A quokka (D:9)
  A ball python skeleton (D:4)
  2 giant gecko skeletons
  6 giant newts
  24 kobolds
  9 rats
  A plant (D:10)
1099 creatures vanquished.

Vanquished Creatures (others)
  55 spectral weapons
  2 orc priests (Orc:4)
  7 fungi
  A plant (D:10)
65 creatures vanquished.

Grand Total: 1164 creatures vanquished

Notes
Turn   | Place    | Note
--------------------------------------------------------------
     0 | D:1      | Lugonue the Merfolk Skald began the quest for the Orb.
     0 | D:1      | Reached XP level 1. HP: 16/16 MP: 3/3
   168 | D:1      | Reached XP level 2. HP: 16/22 MP: 5/5
   172 | D:1      | Learned a level 2 spell: Shroud of Golubria
   268 | D:1      | Reached skill level 4 in Charms
   904 | D:2      | Reached XP level 3. HP: 24/28 MP: 3/6
  1294 | D:2      | Reached XP level 4. HP: 26/34 MP: 0/7
  1759 | D:3      | Reached skill level 5 in Charms
  1783 | D:3      | Reached XP level 5. HP: 35/39 MP: 4/8
  2119 | D:3      | Learned a level 3 spell: Spectral Weapon
  2646 | D:3      | Reached XP level 6. HP: 20/47 MP: 3/10
  3006 | D:4      | Found a staircase to the Ecumenical Temple.
  3011 | D:4      | Noticed Edmund
  3028 | Temple   | Entered the Ecumenical Temple
  3053 | Temple   | Became a worshipper of Warmaster Okawaru
  3076 | Temple   | Learned a level 3 spell: Regeneration
  3115 | D:4      | Killed Edmund
  3115 | D:4      | Reached skill level 5 in Polearms
  3115 | D:4      | Reached skill level 6 in Charms
  3176 | D:4      | Reached XP level 7. HP: 40/52 MP: 8/11
  3560 | D:4      | Acquired Okawaru's first power
  3560 | D:4      | Reached skill level 7 in Charms
  3805 | D:4      | Found a glowing silver altar of Zin.
  3810 | D:4      | Found a sacrificial altar of Ru.
  3813 | D:4      | Found an opulent altar of Gozag.
  3827 | D:4      | Found a shattered altar of Ashenzari.
  4120 | D:5      | Entered Level 5 of the Dungeon
  4120 | D:5      | Noticed Lugonue's ghost (average DrWr)
  4194 | D:5      | Killed Lugonue's ghost
  4194 | D:5      | Reached XP level 8. HP: 31/60 MP: 5/14
  5069 | D:6      | Noticed Eustachio
  5138 | D:6      | Killed Eustachio
  5138 | D:6      | Reached skill level 8 in Charms
  5398 | D:6      | Reached skill level 5 in Fighting
  5523 | D:6      | Reached XP level 9. HP: 68/68 MP: 9/16
  5526 | D:6      | Found an iron altar of Okawaru.
  5740 | D:6      | Reached skill level 5 in Spellcasting
  5760 | D:6      | Found Guroza's Gadget Shoppe.
  5821 | D:7      | Found a staircase to the Ecumenical Temple.
  5964 | D:7      | Reached skill level 9 in Charms
  6001 | D:7      | Found a snail-covered altar of Cheibriados.
  6165 | D:7      | Found Xoorascho's Armour Emporium.
  6168 | D:7      | Bought a +1 pair of boots of stealth for 214 gold pieces
  6168 | D:7      | Bought a +0 buckler for 58 gold pieces
  6409 | D:8      | Got an ancient cloak
  6420 | D:8      | Identified the +0 cloak of Awaq {rF+ Str+2 Stlth-} (You found it on level 8 of the Dungeon)
  6429 | D:8      | Found Joikh's Antique Weapon Shop.
  6520 | D:8      | Reached skill level 1 in Shields
  6543 | D:8      | Noticed Erica
  6573 | D:8      | Killed Erica
  6573 | D:8      | Reached skill level 5 in Shields
  6669 | D:8      | Noticed Joseph
  6679 | D:8      | Noticed Grum
  6697 | D:8      | HP: 3/69 [Joseph/steel sling bullet (14)]
  6717 | D:8      | Killed Joseph
  6717 | D:8      | Reached XP level 10. HP: 28/76 MP: 2/17
  6770 | D:8      | Identified the Grimoire of the Excruciating Arsonist (You found it on level 8 of the Dungeon)
  7223 | D:8      | Killed Grum
  7767 | D:9      | Acquired Okawaru's second power
  7864 | D:9      | Reached skill level 10 in Polearms
  8088 | D:9      | Found Pelud's Magic Scroll Shoppe.
  8146 | D:9      | Reached skill level 1 in Necromancy
  8279 | D:9      | Reached skill level 10 in Charms
  8348 | D:9      | Found a staircase to the Lair.
  8359 | Lair:1   | Entered Level 1 of the Lair of Beasts
  8622 | Lair:1   | Reached XP level 11. HP: 64/84 MP: 7/20
  9283 | Lair:1   | Reached skill level 11 in Polearms
  9890 | Lair:2   | Learned a level 2 spell: Song of Slaying
 10222 | Lair:2   | Reached skill level 1 in Hexes
 10273 | Lair:2   | Noticed Fannar
 10301 | Lair:2   | Killed Fannar
 10301 | Lair:2   | Reached skill level 12 in Polearms
 10459 | Lair:2   | Noticed a seven-headed hydra
 10806 | Lair:3   | Found a glowing silver altar of Zin.
 10831 | Lair:3   | Received a gift from Okawaru
 10933 | Lair:3   | Reached skill level 1 in Translocations
 10991 | Lair:3   | Received a gift from Okawaru
 10991 | Lair:3   | Reached XP level 12. HP: 75/94 MP: 17/24
 11155 | Lair:3   | Got a fine ring mail
 11182 | Lair:3   | Identified the +4 ring mail "Lourua" {Str+3 Int+2} (You found it on level 3 of the Lair of Beasts)
 11237 | Lair:3   | Found a staircase to the Swamp.
 11271 | Lair:3   | Got a faintly glowing rapier
 11272 | Lair:3   | Identified the +7 rapier of Voit {venom, rF+} (You found it on level 3 of the Lair of Beasts)
 11322 | Lair:3   | Reached skill level 1 in Armour
 11408 | Lair:3   | Noticed Harold
 11429 | Lair:3   | Killed Harold
 11946 | Lair:4   | Noticed Sonja
 11971 | Lair:4   | Killed Sonja
 12069 | Lair:4   | Received a gift from Okawaru
 12072 | Lair:4   | Got a pair of crude boots {god gift}
 12083 | Lair:4   | Identified the +0 pair of boots "Usuenk" {+Fly MP+9 Stlth+} (Okawaru gifted it to you on level 4 of the Lair of Beasts)
 12180 | Lair:4   | Noticed Rupert
 12199 | Lair:4   | Killed Rupert
 12199 | Lair:4   | Reached skill level 5 in Armour
 12591 | Lair:4   | Reached skill level 5 in Dodging
 13266 | Lair:5   | Reached XP level 13. HP: 99/99 MP: 25/25
 13354 | Lair:5   | Noticed a seven-headed hydra
 13365 | Lair:5   | Killed a seven-headed hydra
 13439 | Lair:5   | Noticed a five-headed hydra
 13451 | Lair:5   | Killed a five-headed hydra
 13625 | Lair:5   | Received a gift from Okawaru
 13899 | Lair:6   | Identified the Guide on Stones and Summoning
 14046 | Lair:6   | Reached skill level 10 in Dodging
 14050 | Lair:6   | Received a gift from Okawaru
 14224 | Lair:6   | Found a hole to the Spider Nest.
 15681 | Lair:7   | Received a gift from Okawaru
 15827 | Lair:8   | Entered Level 8 of the Lair of Beasts
 15919 | Lair:8   | Reached skill level 13 in Dodging
 16025 | Lair:8   | Found a viscous altar of Jiyva.
 16026 | Lair:8   | Found a staircase to the Slime Pits.
 16158 | Lair:8   | Received a gift from Okawaru
 16158 | Lair:8   | Reached XP level 14. HP: 81/106 MP: 26/26
 16196 | Lair:8   | Noticed a dire elephant
 16218 | Lair:8   | Killed a dire elephant
 16243 | Lair:8   | Reached skill level 14 in Dodging
 16380 | Lair:8   | Found a burning altar of Makhleb.
 16546 | Lair:8   | Learned a level 1 spell: Infusion
 16684 | Lair:8   | Gained mutation: You have a pair of small horns on your head. [potion of mutation]
 16684 | Lair:8   | Gained mutation: You expend magic power (3 MP) to strengthen your wands. [potion of mutation]
 16685 | Lair:8   | Gained mutation: Your flesh is heat resistant. [potion of mutation]
 16685 | Lair:8   | Gained mutation: You heal slowly when monsters are visible. [potion of mutation]
 16686 | Lair:8   | Lost mutation: Your flesh is heat resistant. [potion of cure mutation]
 16686 | Lair:8   | Lost mutation: You have a pair of small horns on your head. [potion of cure mutation]
 16686 | Lair:8   | Lost mutation: You heal slowly when monsters are visible. [potion of cure mutation]
 16686 | Lair:8   | Lost mutation: You expend magic power (3 MP) to strengthen your wands. [potion of cure mutation]
 17012 | Lair:8   | Received a gift from Okawaru
 17051 | Lair:8   | Found a gateway to Hell.
 17695 | D:10     | Entered Level 10 of the Dungeon
 18032 | D:10     | Noticed Erolcha
 18043 | D:10     | Killed Erolcha
 18070 | D:10     | Found a staircase to the Orcish Mines.
 18506 | D:10     | Identified a scroll of acquirement
 18519 | D:11     | Found Lualuerch's Distillery.
 18519 | D:11     | Noticed Snorg
 18527 | D:11     | Killed Snorg
 18553 | D:11     | Bought a potion of heal wounds for 65 gold pieces
 18553 | D:11     | Bought a potion of heal wounds for 65 gold pieces
 18553 | D:11     | Bought a potion of heal wounds for 65 gold pieces
 18553 | D:11     | Bought a potion of curing for 39 gold pieces
 18567 | D:11     | Found Jarhaot's Weapon Emporium.
 18575 | D:11     | Found a frozen archway.
 18610 | IceCv    | Entered an ice cave
 18754 | IceCv    | Got a heavily runed amethyst amulet
 18757 | IceCv    | Identified the amulet of the Hippo {-Tele +Rage +Fly Str-3 SInv} (You found it in an ice cave)
 19085 | IceCv    | Reached skill level 10 in Fighting
 19156 | IceCv    | Noticed a frost giant
 19180 | IceCv    | Reached XP level 15. HP: 115/115 MP: 18/28
 19215 | IceCv    | Killed a frost giant
 19215 | IceCv    | Received a gift from Okawaru
 19538 | D:11     | Found Yxemyxzeu's Book Shop.
 19572 | D:11     | Bought a book of the Warp for 900 gold pieces
 19587 | D:11     | Learned a level 5 spell: Warp Weapon
 19733 | D:11     | Found Cutor's Assorted Antiques.
 19754 | D:11     | Bought a scroll of identify for 74 gold pieces
 19754 | D:11     | Bought a scroll of fog for 74 gold pieces
 20313 | Orc:1    | Entered Level 1 of the Orcish Mines
 20626 | Orc:2    | Found a roughly hewn altar of Beogh.
 21247 | Orc:3    | Found a staircase to the Elven Halls.
 21677 | Orc:4    | Entered Level 4 of the Orcish Mines
 21780 | Orc:4    | Noticed Saint Roka
 21861 | Elf:1    | Entered Level 1 of the Elven Halls
 22077 | Orc:4    | Banished Saint Roka
 22077 | Orc:4    | Reached skill level 5 in Translocations
 22334 | Orc:4    | Paralysed by an orc sorcerer for 2 turns
 22872 | Orc:4    | Found Osomao's Antique Armour Emporium.
 22872 | Orc:4    | Found Waariec's Antique Weapon Shoppe.
 22875 | Orc:4    | Found Tublen Lotic's General Store.
 22875 | Orc:4    | Found Xyerawuh's Jewellery Emporium.
 22895 | Orc:4    | Bought a +0 cloak of magic resistance for 172 gold pieces
 22900 | Orc:4    | Bought a scroll of acquirement for 780 gold pieces
 22910 | Orc:4    | Bought a transparent ring mail for 270 gold pieces
 22935 | Orc:4    | Identified the +5 ring mail "Bynum" {rPois rF- MP+9 Str+3 Int+2} (You bought it in a shop on level 4 of the Orcish Mines)
 22951 | Orc:4    | Bought a glowing glaive for 175 gold pieces
 22975 | Orc:4    | Got a translucent large shield
 22982 | Orc:4    | Identified the -7 large shield of Temperance {+Inv rN++ Int-2 Stlth+} (You acquired it on level 4 of the Orcish Mines)
 23149 | Orc:4    | Received a gift from Okawaru
 23673 | Orc:1    | Found a roughly hewn altar of Beogh.
 24460 | D:12     | Found a flagged portal.
 24471 | D:12     | Got a translucent spear
 24472 | D:12     | Identified the +5 spear of Midsummer {pierce, +Rage rF+ rN+ MR+} (You took it off an orc warrior on level 12 of the Dungeon)
 24490 | Bailey   | Entered a bailey
 24708 | Bailey   | Got a distressingly furry ice dragon armour
 24719 | Bailey   | Identified the +5 ice dragon armour "Ilezur" {+Inv rF- rC++ Slay+2 Stlth+} (You found it in a bailey)
 25406 | D:11     | Bought a book of Control for 650 gold pieces
 25411 | D:11     | Learned a level 4 spell: Control Teleport
 25439 | D:11     | Learned a level 3 spell: Gell's Gravitas
 25642 | Orc:4    | Reached skill level 15 in Dodging
 25994 | D:13     | Reached XP level 16. HP: 119/126 MP: 23/29
 27210 | D:14     | Found Qionyu's Food Boutique.
 27260 | D:14     | Received a gift from Okawaru
 27272 | D:14     | Reached skill level 10 in Spellcasting
 27294 | D:14     | Got a fine hat {god gift}
 27305 | D:14     | Identified the +1 hat of Okawaru's Outrage {Regen+ Dex+3 SInv} (Okawaru gifted it to you on level 14 of the Dungeon)
 27318 | D:14     | Found a gate to the Vaults.
 27428 | D:15     | Entered Level 15 of the Dungeon
 27727 | D:15     | Found a staircase to the Depths.
 27937 | D:15     | Reached skill level 10 in Armour
 28057 | D:15     | Noticed Urug
 28077 | D:15     | Killed Urug
 28507 | Depths:1 | Entered Level 1 of the Depths
 28623 | Depths:1 | Received a gift from Okawaru
 29185 | Swamp:1  | Entered Level 1 of the Swamp
 29228 | Swamp:1  | Received a gift from Okawaru
 29233 | Swamp:1  | Got a pair of jewelled gloves {god gift}
 29244 | Swamp:1  | Identified the +2 pair of gloves of Hygiz {rElec rF+ Str-4} (Okawaru gifted it to you on level 1 of the Swamp)
 29254 | Swamp:1  | Reached XP level 17. HP: 129/131 MP: 12/32
 29704 | Swamp:2  | Noticed Jorgrun
 29730 | Swamp:2  | Killed from afar by Jorgrun

Vault maps used:
D:1:      erik_arrival_cave_to_civilisation
D:2:      grunt_ministairs_1
D:3:      minivault_24
D:4:      grunt_temple_overflow_diamond, ashenzari_altar_1,
          minmay_temple_entry_glass, uniq_edmund
D:5:      first_bread, minmay_misc_feat_x
D:6:      serial_shops, nicolae_shop_competitors_out_of_business,
          minmay_misc_feat_tiny, grunt_ministairs_8, okawaru_ov_weapons_minmay,
          uniq_eustachio
D:7:      lemuel_coloured_pillars_altar, minmay_temple_entry_grid, serial_shops,
          kennysheep_mini
D:8:      serial_shops, shop_fountains, uniq_joseph, uniq_erica, uniq_grum
D:9:      lair_0_dummy, serial_shops, shop
D:10:     cheibrodos_stairvault_heist, orc_0_dummy, worms_lemuel, uniq_erolcha
D:11:     portal_ice_cave_entry_pillars_02, serial_column_ruins,
          column_ruins_columns_straight, column_ruins_open_tiny,
          column_ruins_columns_straight, column_ruins_columns_corner,
          column_ruins_open_small, serial_shops, shop, shop,
          nicolae_shop_overgrown_old_shop, nicolae_shop_behind_doors, uniq_snorg
D:12:     serial_glass, glass_columns_a, glass_columns_c, enter_bailey_2
D:13:     serial_bayou, serial_bayou_pond_b, serial_bayou_pond_c,
          serial_bayou_pond_b, serial_bayou_shore_b, serial_bayou_shore_b,
          serial_bayou_crossing
D:14:     david_vaults_5, serial_shops, shop_fountains, kennysheep_nondescript
D:15:     hangedman_depths_entry_civil_slaughter, minivault_23, uniq_urug
Temple:   water_room_temple_a_12
Lair:1:   lab_entry_generic, lemuel_fruit_fields, infiniplex_staircase_pool
Lair:2:   gammafunk_lair_bear_cave, grunt_megastairs_4, uniq_fannar
Lair:3:   swamp_mist_pool, basic_altar, nicolae_quartered_pool_super,
          lemuel_old_faithful, serial_bayou_shore_a, lemuel_fruit_fields,
          uniq_harold
Lair:4:   uniq_sonja, uniq_rupert
Lair:5:   kilobyte_rumbling_trees, lemuel_fruit_tree
Lair:6:   nicolae_spider_entry_non_spiders, serial_bayou, serial_bayou_pond_b,
          serial_bayou_ford_a, serial_bayou_lagoon_a, serial_bayou_pond_e,
          serial_bayou_pond_d, serial_bayou_lake_a
Lair:8:   evil_forest, dpeg_slime_entry_enclosed_altar,
          infiniplex_staircase_pool_2
Swamp:1:  hangedman_swamp_cone, cheibrodos_swamp_kobolds
Swamp:2:  nicolae_swamp_trees_clearing, swamp_pool1, grunt_hermit_hut,
          uniq_louise, uniq_kirke, uniq_jorgrun
Orc:1:    lemuel_statue_altar
Orc:2:    nicolae_orc_accident_2
Orc:3:    nicolae_orc_pool_cavern
Orc:4:    st_orc_congregation, uniq_saint_roka
Elf:1:    minmay_elf_crystal_heptagon, serial_shops, shop, minmay_elf_necromancy
Depths:1: hell_entry, columned_hall_lemuel, minmay_holes,
          kennysheep_generic_room_8, uniq_nikola
Bailey:   bailey_polearm_1, bailey
IceCv:    ice_cave_caverns_02

Action                   |  1- 3 |  4- 6 |  7- 9 | 10-12 | 13-15 | 16-18 || total
-------------------------+-------+-------+-------+-------+-------+-------++-------
Melee: Spear             |   177 |   289 |   735 |   848 |   876 |       ||  2925
       Glaive            |       |       |       |       |  1213 |   719 ||  1932
       Trident           |       |       |       |       |   250 |       ||   250
 Fire: Blowgun           |       |       |    25 |    66 |       |       ||    91
 Cast: Infusion          |     2 |     1 |       |       |    19 |    18 ||    40
       Shroud of Golubri |     7 |    22 |    33 |    44 |    82 |    29 ||   217
       Spectral Weapon   |       |     6 |    17 |    42 |    86 |    46 ||   197
       Regeneration      |       |       |     3 |    29 |    34 |     3 ||    69
       Song of Slaying   |       |       |       |       |    18 |     6 ||    24
       Warp Weapon       |       |       |       |       |    14 |       ||    14
       Control Teleport  |       |       |       |       |     1 |     5 ||     6
       Gell's Gravitas   |       |       |       |       |       |     5 ||     5
Invok: Heroism           |       |       |     7 |    16 |    16 |       ||    39
       Finesse           |       |       |       |       |     3 |       ||     3
Evoke: Wand              |       |     9 |     1 |     4 |     5 |       ||    19
  Use: Scroll            |       |    14 |    10 |     5 |    26 |     5 ||    60
       Potion            |       |     1 |     6 |     3 |    11 |     2 ||    23
 Stab: Distracted        |       |     1 |     7 |     8 |    12 |     5 ||    33
       Confused          |       |     1 |       |       |       |       ||     1
       Sleeping          |       |       |     1 |     2 |     1 |       ||     4
       Fleeing           |       |       |       |     2 |       |       ||     2
  Eat: Chunk             |     2 |     3 |    10 |    18 |    16 |    13 ||    62
       Beef jerky        |       |     1 |     2 |       |     2 |       ||     5
       Bread ration      |       |     1 |     1 |       |     1 |       ||     3
       Fruit             |       |       |     1 |    12 |    18 |     6 ||    37
       Pizza             |       |       |       |       |     4 |       ||     4
       Meat ration       |       |       |       |       |     4 |       ||     4
       Royal jelly       |       |       |       |       |     1 |     1 ||     2
